 Dungeon Crawl Stone Soup version 0.30-a0-989-g0d87f670db (webtiles) character file.

Game seed: 5739020292889795479

270 dolemite99 the Cleaver (level 6, -2/51 HPs)
             Began as a Hill Orc Cinder Acolyte on Apr 3, 2023.
             Was an Elder of Ignis.
             Splashed by a jelly's acid (8 damage)
             ... on level 5 of the Dungeon.
             The game lasted 00:05:37 (3683 turns).

dolemite99 the Cleaver (Hill Orc Cinder Acolyte)    Turns: 3683, Time: 00:05:38

Health: -2/51      AC: -2    Str: 19    XL:     6   Next: 22%
Magic:  16/16      EV: 14    Int: 14    God:    Ignis [****..]
Gold:   200        SH:  0    Dex:  6    Spells: 7/7 levels left

rFire   + . .      SeeInvis .    a - -1 hand axe (flame)
rCold   . . .      Faith    .    (no shield)
rNeg    . . .      Spirit   .    f - +0 scale mail
rPois   .          Reflect  .    (no helmet)
rElec   .          Rampage  .    (no cloak)
rCorr   .                        (no gloves)
Will    .....                    (no boots) Stlth
                                 (no amulet)
HPRegen 0.28/turn                z - ring of magical power
MPRegen 0.15/turn                p - +5 ring of evasion

@: corroded, invisible
A: no striking features
a: Renounce Religion, Fiery Armour, Foxfire Swarm, Rising Flame


You were on level 5 of the Dungeon.
You worshipped Ignis.
Ignis was greatly pleased with you.
You visited 1 branch of the dungeon, and saw 5 of its levels.

You collected 200 gold pieces.

Inventory:

Hand Weapons
 a - a -1 hand axe of flaming (weapon)
 d - a +1 dagger of draining
 e - a +0 flail
 h - a +0 whip of flaming
 k - a +0 club
Missiles
 r - 19 poisoned darts (quivered)
Armour
 b - a +0 robe
 f - a +0 scale mail (worn)
 i - a +0 helmet
Jewellery
 p - a +5 ring of evasion (right hand)
 z - a ring of magical power (left hand)
Wands
 o - a wand of flame (13)
Scrolls
 u - 2 scrolls of immolation
 v - 2 scrolls of butterflies
 y - a scroll of brand weapon
 A - a scroll of vulnerability
Potions
 c - 2 potions of curing
 g - a potion of invisibility
 m - a potion of lignification {unknown}
 n - a potion of heal wounds {unknown}
 s - a potion of attraction {unknown}
 t - a potion of might {unknown}
 x - a potion of magic {unknown}


   Skills:
 - Level 3.6 Fighting
 + Level 9.0 Axes
 - Level 1.0 Spellcasting
 - Level 3.2 Fire Magic


You had 7 spell levels left.
You didn't know any spells.
Your spell library contained the following spells:

 Spells                   Type           Power      Damage    Failure   Level
 Scorch                   Fire           18%        2d5       32%         2
 Kiss of Death            Conj/Necr      0%         2d5       63%         1
 Confusing Touch          Hex            0%         N/A       94%         3
 Gell's Gravitas          Tloc           0%         N/A       94%         3
 Teleport Other           Tloc           0%         N/A       94%         3
 Dispel Undead            Necr           0%         3d6       100%        4
 Dispersal                Tloc           0%         N/A       100%        6


Dungeon Overview and Level Annotations

Branches:
Dungeon (5/15)
 Temple: D:4-7

Altars:
Gozag
Qazlal
Zin
The Shining One

Shops:
D:5 [


Message History

The hound bites you but does no damage. The jelly barely misses you.
The hound closely misses you.
You hit the hound. You burn the hound.
You kill the hound!
You barely miss the jelly. The jelly hits you but does no damage.
Your Axes skill increases to level 9!
The jelly hits you but does no damage. The jelly closely misses you.
You hit the jelly. You burn the jelly. The acid corrodes you!
Your hands burn!
The jelly is heavily wounded.
The jelly misses you.
You hit the jelly. You burn the jelly.
Your hands burn!
The jelly is almost dead.
The jelly barely misses you.
You hit the jelly but do no damage.
Your hands burn!
The jelly is almost dead.
The jelly barely misses you.
You hit the jelly but do no damage. The acid corrodes you!
Your hands burn!
The jelly is almost dead.
You hit the jelly. You burn the jelly.
Your hands burn!
The jelly is almost dead.
The jelly hits you.
You are splashed with acid!
* * * LOW HITPOINT WARNING * * *
You hit the jelly but do no damage.
Your hands burn!
* * * LOW HITPOINT WARNING * * *
The jelly is almost dead.
The jelly closely misses you.
You hit the jelly but do no damage.
Your hands burn!
* * * LOW HITPOINT WARNING * * *
The jelly is almost dead.
The jelly barely misses you.
It was a potion of curing.
You feel better. The jelly hits you.
You are splashed with acid!
* * * LOW HITPOINT WARNING * * *
It was a potion of invisibility.
You fade into invisibility!
The jelly hits you.
* * * LOW HITPOINT WARNING * * *
You are splashed with acid!
You die...

#..........
+..........
#..........
#..........
#........8.
######..........
#...........>..#
#......J@.......
#.........∩.....
+...............
#.......<....#..
#............## #
+......8.........
#.......#........
#.......#........
#.......#........


You could see a jelly.

Vanquished Creatures
  A hound (D:5)
  Terence (D:2)
  Robin (D:2)
  A gnoll (D:1)
  8 adders
  3 worms
  3 dart slugs
  4 orcs (D:4)
  6 ball pythons
  6 bats
  6 endoplasms
  2 giant cockroaches
  19 goblins
  7 hobgoblins
  7 jackals
  5 quokkas
  A frilled lizard (D:2)
  9 kobolds
  9 rats
99 creatures vanquished.

Vanquished Creatures (others)
  21 foxfires (D:2)
21 creatures vanquished.

Grand Total: 120 creatures vanquished

Notes
Turn   | Place    | Note
-------+----------+-------------------------------------------
     0 | D:1      | dolemite99 the Hill Orc Cinder Acolyte began the quest for
                  | the Orb.
     0 | D:1      | Reached XP level 1. HP: 19/19 MP: 2/2
   181 | D:1      | Reached XP level 2. HP: 23/26 MP: 3/3
   254 | D:1      | Reached skill level 5 in Axes
   488 | D:1      | Reached XP level 3. HP: 28/31 MP: 4/4
  1148 | D:2      | Reached skill level 6 in Axes
  1182 | D:2      | Noticed Terence
  1199 | D:2      | Killed Terence
  1200 | D:2      | Reached XP level 4. HP: 28/39 MP: 5/5
  1387 | D:2      | Reached skill level 7 in Axes
  1439 | D:2      | Noticed Robin
  1490 | D:2      | Killed Robin
  1491 | D:2      | Reached XP level 5. HP: 40/45 MP: 6/6
  1702 | D:2      | You fall into a shaft and drop 2 floors!
  1804 | D:4      | Reached skill level 8 in Axes
  1909 | D:4      | Found a glowing silver altar of Zin.
  2330 | D:3      | Found an opulent altar of Gozag.
  2330 | D:3      | Found a stormy altar of Qazlal.
  3153 | D:4      | Reached XP level 6. HP: 50/51 MP: 7/7
  3398 | D:4      | Found a glowing golden altar of the Shining One.
  3656 | D:5      | Entered Level 5 of the Dungeon
  3656 | D:5      | Found Vochogynt's Armour Emporium.
  3673 | D:5      | Reached skill level 9 in Axes
  3683 | D:5      | Splashed by a jelly's acid

Illustrated notes

Levels and vault maps discovered:
D:1:      lemuel_arrival_muddy, layout_loops_ring
D:2:      layout_basic, kennysheep_generic_room_7, uniq_terence, uniq_robin
D:3:      layout_loops_ring, gammafunk_temple_overflow_wave
D:4:      layout_rooms, tso_altar, mainiacjoe_overflow_alcove_1
D:5:      layout_gridville, serial_shops, nicolae_stop_n_shop_1

Skill      XL: |  1  2  3  4  5  6 |
---------------+-------------------+-----
Axes           | 5 6 7 8 9 |  9.0
Fighting       | |  3.6
Spellcasting   | |  1.0
Fire Magic     | |  3.2

Action                     |  1- 3 |  4- 6 || total
---------------------------+-------+-------++-------
  Melee: Hand axe          |    82 |   192 ||   274
         Punch             |       |     1 ||     1
  Throw: Dart              |     4 |    16 ||    20
 Invoke: Fiery Armour      |     1 |     2 ||     3
         Foxfire Swarm     |       |     1 ||     1
    Use: Scroll            |     1 |     6 ||     7
         Potion            |       |     2 ||     2
 Armour: Robe              |    16 |     1 ||    17
         Scale mail        |       |    76 ||    76
  Dodge: Dodged            |    47 |   100 ||   147

Table legend: (Time is in decaauts)
 A = Elapsed time spent in this place.
 B = Non-inter-level travel time spent in this place.
 C = Inter-level travel time spent in this place.
 D = Time resting spent in this place.
 E = Time spent auto-exploring this place.
 F = Levels seen in this place.
 G = Mean time per level.
                   A        B        C        D        E       F      G
               +--------+--------+--------+--------+--------+-----+--------+
         Total |   3671 |   3590 |     81 |    811 |   1835 |   5 |  734.2 |
       Dungeon |   3671 |   3590 |     81 |    811 |   1835 |   5 |  734.2 |
               +--------+--------+--------+--------+--------+-----+--------+

Top non-repeatable levels by time:
     D:1: 1228 daAuts
     D:3: 913 daAuts
     D:4: 794 daAuts
     D:2: 710 daAuts
     D:5: 24 daAuts
